 Dungeon Crawl Stone Soup version 0.30-a0-883-g5ad918d77d (webtiles) character file.

Game seed: 5441240410121425931

124327 OrthodoxDeviant the Eclecticist (level 16, -2/84 HPs)
             Began as a Deep Elf Fire Elementalist on Mar 14, 2023.
             Was a High Priest of Vehumet.
             Killed from afar by a shock serpent (16 damage)
             ... with a bolt of electricity
             ... on level 2 of the Snake Pit on Mar 16, 2023.
             The game lasted 04:25:08 (42789 turns).

OrthodoxDeviant the Eclecticist (DEFE)             Turns: 42789, Time: 04:25:11

Health: -2/84      AC: 18    Str:  8    XL:     16   Next: 39%
Magic:  3/40       EV: 12    Int: 37    God:    Vehumet [*****.]
Gold:   1514       SH:  9    Dex: 15    Spells: 6/51 levels left

rFire   . . .      SeeInvis .    E - +10 spear of Reshraol {drain, Int+6}
rCold   + . .      Faith    .    P - +2 buckler {rC+}
rNeg    . . .      Spirit   .    N - +0 acid dragon scales
rPois   .          Reflect  .    x - +2 helmet
rElec   .          Rampage  +    a - +0 cloak
rCorr   +                        H - +0 pair of gloves
Will    +....                    L - +2 pair of boots {rampage}
Stlth   +++                      (no amulet)
HPRegen 0.34/turn                X - ring "Sedo" {rCorr Str+3 Int+2 Stlth+}
MPRegen 0.27/turn                s - +4 ring of protection

@: no status effects
A: no striking features
a: Renounce Religion


You were on level 2 of the Snake Pit.
You worshipped Vehumet.
Vehumet was extremely pleased with you.
You visited 6 branches of the dungeon, and saw 26 of its levels.
You also visited: Gauntlet.

You collected 2279 gold pieces.
You spent 765 gold pieces at shops.

Inventory:

Hand Weapons
 A - the +3 broad axe "Ureefyop" {freeze, Fly rPois Will-}
   (You found it in a Gauntlet)

   rPois:     It protects you from poison.
   Fly:       It grants you flight.
   Will:      It decreases your willpower.
 E - the +10 spear of Reshraol (weapon) {drain, Int+6}
   (You found it on level 6 of the Dungeon)

   Int:       It affects your intelligence (+6).
 I - the +6 quarterstaff "Pyfagh" {flame, rElec rCorr Dex+2}
   (You took it off a wight on level 7 of the Dungeon)

   Dex:       It affects your dexterity (+2).
   rElec:     It insulates you from electricity.
   rCorr:     It protects you from acid and corrosion.
 M - the +3 trident of Evisceration {spect, rF- MP+9 Str+5}
   (You took it off an orc warrior on level 11 of the Dungeon)

   Str:       It affects your strength (+5).
   rF:        It makes you vulnerable to fire.
   MP:        It affects your magic capacity (+9).
 Y - the +11 broad axe "Sumonarch" {heavy, rPois Int-2 SInv Stlth+}
   (You took it off a minotaur in a Gauntlet)

   Int:       It affects your intelligence (-2).
   rPois:     It protects you from poison.
   SInv:      It lets you see invisible.
   Stlth:     It makes you more stealthy.
Missiles
 G - a throwing net
 U - 4 javelins
 Z - 6 silver javelins
Armour
 a - a +0 cloak (worn)
 x - a +2 helmet (worn)
 B - a +1 kite shield of reflection
 H - a +0 pair of gloves (worn)
 J - a +1 robe of willpower
 L - a +2 pair of boots of rampaging (worn)
 N - +0 acid dragon scales (worn)
 P - a +2 buckler of cold resistance (worn)
 R - a +1 robe of cold resistance
 S - the +0 robe of the Eagle {rC- Will+ Int+2}
   (You found it on level 2 of the Lair of Beasts)

   Int:       It affects your intelligence (+2).
   rC:        It makes you vulnerable to cold.
   Will:      It increases your willpower.
Jewellery
 c - a +5 ring of evasion
 s - a +4 ring of protection (right hand)
 X - the ring "Sedo" (left hand) {rCorr Str+3 Int+2 Stlth+}
   (You found it in a Gauntlet)

   [ring of resist corrosion]

   Str:       It affects your strength (+3).
   Int:       It affects your intelligence (+2).
   rCorr:     It protects you from acid and corrosion.
   Stlth:     It makes you more stealthy.
Wands
 n - a wand of quicksilver (22)
 F - a wand of iceblast (13)
 Q - a wand of polymorph (10)
 T - a wand of charming (10)
Scrolls
 d - 7 scrolls of enchant weapon
 l - 2 scrolls of magic mapping
 m - 2 scrolls of enchant armour
 o - a scroll of summoning
 p - 4 scrolls of teleportation
 u - a scroll of identify
 v - 4 scrolls of fear
 w - 8 scrolls of fog
 y - 3 scrolls of amnesia
 D - 3 scrolls of brand weapon
 V - a scroll of silence
Potions
 b - 5 potions of magic
 e - 3 potions of invisibility
 f - 3 potions of haste
 g - 5 potions of might
 h - 5 potions of flight
 i - 3 potions of attraction {unknown}
 j - 4 potions of brilliance {unknown}
 k - 8 potions of curing
 q - 3 potions of mutation
 r - 3 potions of heal wounds
 t - 3 potions of resistance {unknown}
 z - a potion of berserk rage {unknown}
 C - 4 potions of degeneration {unknown}
 K - 2 potions of cancellation {unknown}
Miscellaneous
 O - a phantom mirror (inert)


   Skills:
 - Level 4.0 Fighting
 - Level 5.0 Dodging
 - Level 2.4 Stealth
 - Level 12.2 Shields
 + Level 18.0 Spellcasting
 * Level 16.3 Conjurations
 - Level 5.0 Necromancy
 - Level 5.0 Translocations
 - Level 17.9 Fire Magic
 - Level 7.0 Earth Magic


You had 6 spell levels left.
You knew the following spells:

 Your Spells              Type           Power      Damage    Failure   Level
a - Foxfire               Conj/Fire      100%       2x1d9     0%          1
b - Scorch                Fire           100%       2d10      0%          2
c - Flame Wave            Conj/Fire      100%       2d21      0%          4
d - Teleport Other        Tloc           63%        N/A       1%          3
e - Kindle Blastsparks    Fire/Tloc/Air  100%       2d18      1%          3
f - Blink                 Tloc           100%       N/A       1%          2
g - Fireball              Conj/Fire      51%        3d20      1%          5
h - Starburst             Conj/Fire      51%        6d14      1%          6
i - Sublimation of Blood  Necr           63%        N/A       1%          2
j - Sticky Flame          Conj/Fire      100%       2d11      0%          4
k - Orb of Destruction    Conj           50%        9d13      1%          7
l - Iron Shot             Conj/Erth      44%        9d9       1%          6

Your spell library contained the following spells:

 Spells                   Type           Power      Damage    Failure   Level
 Eringya's Noxious Bog    Tmut/Pois      16%        N/A       58%         6
 Magic Dart               Conj           100%       1d8       0%          1
 Searing Ray              Conj           100%       2d8       0%          2
 Freeze                   Ice            100%       1d10      1%          1
 Kiss of Death            Conj/Necr      100%       2d13      1%          1
 Lesser Beckoning         Tloc           100%       N/A       1%          2
 Momentum Strike          Conj/Tloc      100%       3d10      1%          2
 Static Discharge         Conj/Air       100%       2-7/arc   1%          2
 Dazzling Flash           Conj/Hex       100%       N/A       1%          3
 Frozen Ramparts          Ice            66%        1d10      1%          3
 Gell's Gravitas          Tloc           63%        N/A       1%          3
 Hailstorm                Conj/Ice       76%        3d16      1%          3
 Ignite Poison            Fire/Tmut/Pois 67%        N/A       1%          3
 Inner Flame              Hex/Fire       79%        N/A       1%          3
 Fulminant Prism          Conj/Hex       38%        3d17      1%          4
 Iskenderun's Mystic Bla  Conj/Tloc      84%        2d17      1%          4
 Arcjolt                  Conj/Air       38%        1d48      1%          5
 Freezing Cloud           Conj/Ice/Air   32%        6-21      1%          5
 Iskenderun's Battlesphe  Conj           100%       2d15      1%          5
 Lightning Bolt           Conj/Air       38%        1d56      1%          5
 Vhi's Electric Charge    Tloc/Air       100%       N/A       2%          3
 Dispel Undead            Necr           63%        3d22      2%          4
 Manifold Assault         Tloc           63%        N/A       2%          4
 Wereblood                Tmut           33%        N/A       3%          2
 Conjure Ball Lightning   Conj/Air       38%        3x3d12    3%          6
 Animate Armour           Summ/Erth      100%       N/A       4%          4
 Confusing Touch          Hex            33%        N/A       6%          3
 Summon Forest            Summ/Tloc      25%        N/A       21%         5
 Dispersal                Tloc           31%        N/A       36%         6
 Blade Hands              Tmut           16%        N/A       50%         5
 Summon Mana Viper        Hex/Summ       33%        N/A       50%         5
 Summon Cactus Giant      Summ           16%        N/A       97%         6
 Storm Form               Tmut/Air       16%        N/A       100%        7
 Summon Hydra             Summ           16%        N/A       100%        7
 Disjunction              Tloc           31%        N/A       100%        8
 Maxwell's Capacitive Co  Air            16%        ∞         100%        8
 Chain Lightning          Conj/Air       38%        3d50      100%        9


Dungeon Overview and Level Annotations

Branches:
Dungeon (15/15)            Temple (1/1) D:5            Lair (5/5) D:8
  Swamp (1/4) Lair:2        Snake (2/4) Lair:3        Slime (0/5) Lair:4
    Orc (2/2) D:9             Elf (0/3) Orc:2        Vaults (0/5) D:13
 Depths (0/4) D:15        Gauntlet (visited)

Altars:
Ashenzari
Cheibriados
Dithmenos
Elyvilon
Fedhas
Gozag
Hepliaklqana
Kikubaaqudgha
Makhleb
Nemelex Xobeh
Okawaru
Qazlal
Ru
Sif Muna
Trog
Uskayaw
Vehumet
Wu Jian
Xom
Yredelemnul
Zin
The Shining One
Jiyva
Lugonu

Shops:
D:8 ?   Orc:2 [***

Portals:
Abyss: D:11 Snake:1

Annotations:
D:11 2 transporters, exclusion: shadow, Rudyous's ghost, journeyman GnFE
D:12 exclusion: 2 downstairs
D:13 exclusion: 2 upstairs
Lair:1 2 transporters, elongatedgoose's ghost, novice MiFi
Lair:2 2 transporters
Lair:4 exclusion: downstairs
Snake:2 3 runed translucent doors, exclusion: obsidian statue, Kakkoll's ghost, adept DsSu


Message History

Aiming: Fireball (safe; 1% risk of failure)
Press: ? - help, Shift-Dir - straight line The fireball explodes!
The fireball engulfs the naga!!
You kill the naga!
Vehumet accepts your kill.
A shock serpent comes into view.
Unknown command.
Casting: Fireball (safe; 1% risk of failure)
Confirm with . or Enter, or press ? or * to list all spells.
Aiming: Iron Shot (dangerous; 1% risk of failure)
Press: ? - help, Shift-Dir - straight line, f - salamander
Aim: a salamander, wielding a +2 spear (85% to hit)
The iron shot hits the salamander!!!
The salamander is severely wounded.
The shock serpent hisses angrily.
Casting: Iron Shot (dangerous; 1% risk of failure)
Confirm with . or Enter, or press ? or * to list all spells.
Aiming: Iron Shot (dangerous; 1% risk of failure)
Press: ? - help, Shift-Dir - straight line, f/p - salamander
Aim: a salamander, wielding a +2 spear (severely wounded, 85% to hit)
The iron shot hits the salamander!!!
You kill the salamander!
Vehumet accepts your kill.
You feel your power returning.
The shock serpent shoots out a bolt of lightning at you!
The bolt of electricity hits you!!
Casting: Iron Shot (dangerous; 1% risk of failure)
Confirm with . or Enter, or press ? or * to list all spells.
Aiming: Iron Shot (dangerous; 1% risk of failure)
Press: ? - help, Shift-Dir - straight line, f - shock serpent
Aim: a shock serpent (60% to hit)
The iron shot misses the shock serpent.
Unknown command.
The shock serpent shoots out a bolt of lightning at you!
The bolt of electricity hits you! x2
The shock serpent shoots out a bolt of lightning at you!
The bolt of electricity hits you!!
* * * LOW HITPOINT WARNING * * *
The bolt of electricity hits you!
You die...

##!8.##..#
#.$$$$#..#
#8$$$$+..##
#∩$8_$+...#
#8$$NS+...#
#.$$NS#...##
#.8W##.)#.##
..#####..###.##
....S..@.# ##.#
.)....##.###..#
.....# ####.###
..... #..# #...
#..# #..
#.....# #
.S.##...# .....
.##.# ......# #
#


You could see an anaconda, a shock serpent and a black mamba.

Vanquished Creatures
  Jorgrun (Snake:1)
  Rupert (Orc:1)
  Asterion (Snake:1)
  Donald (Orc:1)
  A minotaur (Gauntlet)
  The ghost of Newt the Markskobold, a journeyman KoHu of Hepliaklqana (Lair:5)
  Snorg (D:10)
  A great orb of eyes (D:15)
  3 hydras
  A rakshasa (D:13)
  Fannar (Lair:3)
  2 ogre magi (D:15)
  3 boulder beetles
  2 catoblepae
  A death knight (D:13)
  A two-headed ogre (shapeshifter) (D:13)
  16 two-headed ogres
  2 anacondas (Snake:1)
  4 centaur warriors
  3 naga warriors (Snake:1)
  An alligator (Swamp:1)
  8 death yaks
  Urug (D:13)
  A shock serpent (Snake:1)
  Sonja (D:10)
  Nergalle (Lair:1)
  A skyshark (shapeshifter) (D:15)
  A deep elf knight (D:13)
  A salamander mystic (Snake:1)
  2 goliath frogs
  8 orc knights
  A bog body (Lair:2)
  2 naga ritualists (Snake:1)
  Pikel (D:5)
  8 mana vipers (Snake:1)
  2 deep elf pyromancers
  13 ugly things
  2 orc sorcerers
  5 cyclopes
  An oklob plant (Gauntlet)
  3 salamanders
  2 manticores
  13 black mambas
  11 elephants
  A guardian serpent (Snake:2)
  3 naga magi (Snake:1)
  2 torpor snails
  6 gargoyles
  16 cane toads
  Psyche (D:10)
  3 rime drakes (Lair:5)
  3 kobold demonologists (D:14)
  7 komodo dragons
  A tengu conjurer (D:12)
  6 trolls
  A queen bee (Lair:1)
  Grinder (D:6)
  2 ice devils (D:13)
  3 polar bears
  A troll (shapeshifter) (D:13)
  5 hornets
  3 tyrant leeches (Lair:5)
  31 blink frogs
  12 slime creatures
  Sigmund (D:4)
  5 spriggans
  5 shadows
  3 wyverns
  31 yaks
  A vampire (D:11)
  6 basilisks
  2 chaos spawn (Gauntlet)
  6 wraiths
  15 humans (D:13)
  A neqoxec (Gauntlet)
  10 vampire mosquitoes
  A steam dragon (D:6)
  A redback (shapeshifter) (D:15)
  5 swamp worms
  Menkaure (D:4)
  7 wargs
  5 acid dragons
  12 nagas
  24 water moccasins
  37 orc warriors
  2 sky beasts (D:7)
  A black bear (D:4)
  An ice beast (D:8)
  5 wolves (Lair:4)
  A boggart (Lair:5)
  24 centaurs
  10 ogres
  3 phantoms
  3 kobold brigands
  19 bullfrogs
  A gnoll sergeant (D:13)
  5 scorpions
  12 wights
  24 killer bees (Lair:1)
  3 howler monkeys
  10 electric eels
  2 jellies (Lair:4)
  5 hounds
  A gnoll bouda (D:6)
  15 orc priests
  Crazy Yiuf (D:7)
  An iguana (D:5)
  Natasha (thrice) (D:4)
  14 hell rats
  31 orc wizards
  A boggart simulacrum (D:14)
  Robin (D:4)
  8 gnolls
  6 adders
  6 river rats (Lair:2)
  An ufetubus (D:6)
  5 worms
  3 dart slugs
  80 orcs
  10 endoplasms
  7 giant cockroaches
  13 goblins
  9 hobgoblins
  13 jackals
  2 quokkas (D:4)
  9 ball pythons
  11 bats
  3 frilled lizards
  23 kobolds
  15 rats
  A bush (Lair:2)
  A lurking horror (Snake:1)
849 creatures vanquished.

Vanquished Creatures (collateral kills)
  2 foxfires (D:2)
2 creatures vanquished.

Vanquished Creatures (others)
  1312 foxfires
  80 fungi
  295 plants
1687 creatures vanquished.

Grand Total: 2538 creatures vanquished

Notes
Turn   | Place    | Note
-------+----------+-------------------------------------------
     0 | D:1      | OrthodoxDeviant the Deep Elf Fire Elementalist began the
                  | quest for the Orb.
     0 | D:1      | Reached XP level 1. HP: 10/10 MP: 6/6
     1 | D:1      | Found a runed translucent door.
   262 | D:1      | Reached XP level 2. HP: 15/15 MP: 5/8
   539 | D:1      | Found a faded altar of an unknown god.
   894 | D:1      | Learned a level 2 spell: Scorch
  1339 | D:1      | Reached XP level 3. HP: 19/19 MP: 8/10
  2106 | D:2      | Reached XP level 4. HP: 24/24 MP: 3/11
  2248 | D:1      | Reached skill level 4 in Spellcasting
  2531 | D:2      | Reached skill level 5 in Fire Magic
  3054 | D:3      | Reached XP level 5. HP: 28/28 MP: 9/13
  3865 | D:4      | Noticed a black bear
  4191 | D:4      | Noticed Natasha
  4199 | D:4      | Killed Natasha
  4272 | D:4      | Noticed Sigmund
  4273 | D:4      | Upgraded the game from 0.30-a0-881-g1ff12e1e11 to
                  | 0.30-a0-883-g5ad918d77d
  4327 | D:4      | Learned a level 4 spell: Flame Wave
  4507 | D:4      | Noticed Menkaure
  4512 | D:4      | Killed Menkaure
  4513 | D:4      | Reached skill level 5 in Spellcasting
  4513 | D:4      | Reached XP level 6. HP: 18/32 MP: 9/15
  4650 | D:4      | Noticed Robin
  4658 | D:4      | Killed Robin
  4709 | D:4      | Noticed Natasha
  4929 | D:4      | Killed Natasha
  5008 | D:4      | Noticed Natasha
  5019 | D:4      | Killed Natasha
  5179 | D:4      | Reached XP level 7. HP: 36/36 MP: 10/17
  5362 | D:5      | Entered Level 5 of the Dungeon
  5491 | D:5      | Reached skill level 6 in Spellcasting
  5871 | D:5      | Found an iron altar of Okawaru.
  5878 | D:5      | Found a staircase to the Ecumenical Temple.
  5925 | D:5      | Reached skill level 5 in Conjurations
  5925 | D:5      | Reached XP level 8. HP: 41/41 MP: 13/20
  6459 | Temple   | Entered the Ecumenical Temple
  6702 | D:6      | Reached skill level 7 in Spellcasting
  6864 | D:6      | Noticed Grinder
  6865 | D:6      | Noticed Pikel
  6882 | D:5      | Killed Pikel
  6883 | D:5      | Reached skill level 8 in Spellcasting
  7063 | D:6      | Killed Grinder
  7064 | D:6      | Reached skill level 10 in Fire Magic
  7064 | D:6      | Reached XP level 9. HP: 45/45 MP: 18/23
  7208 | D:6      | Identified the +10 spear of Reshraol {drain, Int+6}
  7215 | D:6      | Found a blossoming altar of Fedhas.
  8168 | D:7      | Reached skill level 9 in Spellcasting
  8278 | D:7      | Learned a level 3 spell: Teleport Other
  8330 | D:7      | Identified the +6 quarterstaff "Pyfagh" {flame, rElec rCorr
                  | Dex+2}
  8534 | D:7      | Reached skill level 1 in Translocations
  9480 | D:7      | Found a runed translucent door.
  9481 | D:7      | Noticed Crazy Yiuf
  9495 | D:7      | Killed Crazy Yiuf
  9698 | D:8      | Found Keonoast's Magic Scroll Boutique.
  9705 | D:8      | Bought a scroll of identify for 26 gold pieces
  9705 | D:8      | Bought a scroll of teleportation for 39 gold pieces
  9705 | D:8      | Bought a scroll of identify for 26 gold pieces
  9857 | D:8      | Reached skill level 10 in Spellcasting
  9876 | D:8      | Reached XP level 10. HP: 50/50 MP: 18/26
 10564 | D:8      | Found a staircase to the Lair.
 10580 | D:8      | Reached skill level 11 in Spellcasting
 10606 | D:8      | Learned a level 3 spell: Kindle Blastsparks
 11208 | D:4      | Killed Sigmund
 11696 | D:9      | Noticed a two-headed ogre
 11915 | D:9      | Learned a level 2 spell: Blink
 12126 | D:9      | Noticed a two-headed ogre
 12214 | D:9      | Killed a two-headed ogre
 12303 | D:9      | Noticed a two-headed ogre
 12314 | D:9      | Killed a two-headed ogre
 12360 | D:9      | Reached XP level 11. HP: 49/54 MP: 16/28
 12728 | D:9      | Reached skill level 12 in Spellcasting
 13068 | D:9      | Found a staircase to the Orcish Mines.
 13144 | D:9      | Killed a two-headed ogre
 13145 | D:9      | Reached skill level 10 in Conjurations
 13389 | D:10     | Entered Level 10 of the Dungeon
 13416 | Orc:1    | Entered Level 1 of the Orcish Mines
 13917 | Orc:2    | Entered Level 2 of the Orcish Mines
 13917 | Orc:2    | Noticed Donald
 13917 | Orc:2    | Noticed Rupert
 13998 | D:10     | Noticed Psyche
 14020 | D:10     | Killed Psyche
 14144 | D:10     | Noticed Sonja
 14147 | D:10     | Killed Sonja
 14238 | D:10     | Noticed Snorg
 14250 | D:10     | Killed Snorg
 14563 | D:10     | Noticed a two-headed ogre
 14573 | D:10     | Killed a two-headed ogre
 14723 | D:10     | Reached skill level 13 in Spellcasting
 14933 | D:10     | Found an opulent altar of Gozag.
 14935 | D:10     | Found a bloodstained altar of Trog.
 14978 | D:10     | Found a radiant altar of Vehumet.
 15176 | D:10     | Got the Tractate on Death and the Welkin
 15371 | D:10     | Became a worshipper of Vehumet
 15824 | D:11     | Found a one-way gate to the infinite horrors of the Abyss.
 15824 | D:11     | Noticed Rudyous's ghost (journeyman GnFE)
 15842 | D:11     | Found a transporter.
 15939 | D:11     | Found a transporter.
 16052 | D:11     | Noticed a cyan ugly thing
 16067 | D:11     | Killed a cyan ugly thing
 16305 | D:11     | Reached * piety under Vehumet
 16305 | D:11     | Offered knowledge of Kiss of Death by Vehumet.
 16312 | D:11     | Learned a level 5 spell: Fireball
 16319 | D:11     | Learned a level 6 spell: Starburst
 16370 | D:11     | Identified the +3 trident of Evisceration {spect, rF- MP+9
                  | Str+5}
 16375 | D:11     | Reached XP level 12. HP: 59/59 MP: 22/31
 16987 | D:11     | Noticed a two-headed ogre
 16991 | D:11     | Killed a two-headed ogre
 17141 | D:12     | Noticed a five-headed hydra
 17144 | D:12     | Killed a five-headed hydra
 17145 | D:12     | Reached skill level 15 in Fire Magic
 18343 | Lair:1   | Entered Level 1 of the Lair of Beasts
 18345 | Lair:1   | Found a transporter.
 18348 | Lair:1   | Found a transporter.
 18348 | Lair:1   | Noticed elongatedgoose's ghost (novice MiFi)
 18350 | Lair:1   | Noticed an eight-headed hydra
 18352 | Lair:1   | Noticed a four-headed hydra
 18503 | Lair:1   | Reached skill level 14 in Spellcasting
 18648 | Lair:1   | Identified the +1 whip "Hell-Harrower" {drain, Fly}
 18729 | Lair:1   | Reached ** piety under Vehumet
 18732 | Lair:1   | Offered knowledge of Shock by Vehumet.
 19001 | Lair:1   | Noticed Nergalle
 19009 | Lair:1   | Killed Nergalle
 19628 | Lair:2   | Offered knowledge of Frozen Ramparts by Vehumet.
 19809 | Lair:2   | Reached *** piety under Vehumet
 20417 | Lair:2   | Found a transporter.
 20417 | Lair:2   | Found a transporter.
 20418 | Lair:2   | Noticed a boulder beetle
 20418 | Lair:2   | Noticed a boulder beetle
 20679 | Lair:2   | Noticed a catoblepas
 20684 | Lair:2   | Killed a catoblepas
 20762 | Lair:2   | Identified the +0 robe of the Eagle {rC- Will+ Int+2}
 21051 | Lair:2   | Found a staircase to the Swamp.
 21547 | Lair:3   | Noticed a death yak
 21547 | Lair:3   | Noticed a death yak
 21547 | Lair:3   | Noticed a death yak
 21547 | Lair:3   | Noticed a death yak
 21547 | Lair:3   | Noticed a death yak
 21547 | Lair:3   | Noticed a death yak
 21567 | Lair:2   | Killed a death yak
 21568 | Lair:2   | Reached XP level 13. HP: 41/63 MP: 9/33
 21856 | Lair:3   | Reached skill level 15 in Spellcasting
 21871 | Lair:3   | Offered knowledge of Airstrike by Vehumet.
 21875 | Lair:3   | Learned a level 2 spell: Sublimation of Blood
 22303 | Lair:3   | Found a staircase to the Snake Pit.
 22564 | Lair:3   | Noticed Fannar
 22567 | Lair:3   | Killed Fannar
 22893 | Lair:3   | Reached skill level 1 in Fighting
 24700 | Lair:4   | Reached skill level 5 in Dodging
 24707 | Lair:4   | Reached **** piety under Vehumet
 24971 | Lair:4   | Offered knowledge of Arcjolt by Vehumet.
 25577 | Lair:4   | Reached skill level 16 in Spellcasting
 25796 | Lair:4   | Reached ***** piety under Vehumet
 25921 | Lair:4   | Found a staircase to the Slime Pits.
 25923 | Lair:4   | Found a viscous altar of Jiyva.
 26062 | Lair:4   | Offered knowledge of Ozocubu's Refrigeration by Vehumet.
 26068 | Lair:4   | Learned a level 4 spell: Sticky Flame
 26424 | Lair:5   | Entered Level 5 of the Lair of Beasts
 26450 | Lair:5   | Found a runed translucent door.
 27071 | Lair:5   | Reached XP level 14. HP: 76/76 MP: 24/36
 27216 | Lair:5   | Noticed Newt's ghost (journeyman KoHu)
 27216 | Lair:5   | Identified the +3 spear of Capital Punishment {heavy, Dex+4
                  | Stlth+}
 28260 | Lair:5   | Identified the +1 robe of Contentment {-Tele rPois rCorr
                  | Dex+5}
 28335 | Lair:5   | Reached skill level 17 in Spellcasting
 29408 | Lair:5   | Killed Newt's ghost
 29701 | D:13     | Noticed Urug
 29701 | D:13     | Found a gate to the Vaults.
 29849 | D:13     | Reached skill level 1 in Necromancy
 30160 | Orc:1    | Killed Donald
 30482 | D:13     | Reached skill level 1 in Shields
 31095 | D:13     | Killed Urug
 31096 | D:13     | Reached skill level 5 in Translocations
 31338 | D:13     | Offered knowledge of Spellforged Servitor by Vehumet.
 31571 | D:13     | Reached skill level 5 in Shields
 32152 | D:14     | Found a gate leading to a gauntlet.
 32165 | Gauntlet | Entered a Gauntlet
 32165 | Gauntlet | Found a transporter.
 32223 | Gauntlet | Found a transporter.
 32226 | Gauntlet | Found a transporter.
 32227 | Gauntlet | Found a transporter.
 32238 | Gauntlet | Found a transporter.
 32239 | Gauntlet | Found a transporter.
 32249 | Gauntlet | Found a transporter.
 32251 | Gauntlet | Found a transporter.
 32252 | Gauntlet | Found a transporter.
 32258 | Gauntlet | Found a runed translucent gate.
 32258 | Gauntlet | Found a runed translucent gate.
 32259 | Gauntlet | Found a runed translucent gate.
 32260 | Gauntlet | Found a transporter.
 32263 | Gauntlet | Found a transporter.
 32264 | Gauntlet | Found a transporter.
 32273 | Gauntlet | Found a transporter.
 32320 | Gauntlet | Found a transporter.
 32560 | Gauntlet | Got The Antepenultimate Guide to Hermetics
 32716 | Gauntlet | Identified the ring "Sedo" {rCorr Str+3 Int+2 Stlth+}
 32863 | Gauntlet | Identified the +11 broad axe "Sumonarch" {heavy, rPois
                  | Int-2 SInv Stlth+}
 32872 | Gauntlet | Reached XP level 15. HP: 80/80 MP: 25/38
 32933 | Gauntlet | Identified the +3 broad axe "Ureefyop" {freeze, Fly rPois
                  | Will-}
 33179 | D:14     | Reached skill level 5 in Necromancy
 33711 | D:14     | Learned a level 7 spell: Orb of Destruction
 34039 | D:15     | Entered Level 15 of the Dungeon
 34831 | D:15     | Reached skill level 10 in Shields
 35340 | D:15     | Offered knowledge of Lee's Rapid Deconstruction by Vehumet.
 36126 | D:15     | Found a staircase to the Depths.
 36365 | Snake:1  | Entered Level 1 of the Snake Pit
 36596 | Snake:1  | Learned a level 6 spell: Iron Shot
 36767 | Snake:1  | Reached skill level 1 in Earth Magic
 37262 | Snake:1  | Noticed Jorgrun
 37467 | Swamp:1  | Entered Level 1 of the Swamp
 37485 | Swamp:1  | Reached skill level 15 in Conjurations
 37804 | Orc:1    | Paralysed by Rupert for 4 turns
 38590 | Orc:1    | Reached skill level 5 in Earth Magic
 39006 | Orc:2    | Found a staircase to the Elven Halls.
 39175 | Orc:2    | Paralysed by an orc sorcerer for 3 turns
 39429 | Orc:2    | Reached XP level 16. HP: 74/84 MP: 32/39
 39572 | Orc:2    | Offered knowledge of Eringya's Noxious Bog by Vehumet.
 40155 | Orc:2    | Found Webitoesh's Assorted Antiques.
 40155 | Orc:2    | Found Igesat's General Store.
 40157 | Orc:2    | Found Yraemus's General Store.
 40159 | Orc:2    | Found Ime Raf's Armour Boutique.
 40163 | Orc:2    | Bought a bubbling golden potion for 25 gold pieces
 40164 | Orc:2    | Bought a scroll of identify for 30 gold pieces
 40167 | Orc:2    | Bought a scroll of identify for 24 gold pieces
 40172 | Orc:2    | Bought a +2 pair of boots of rampaging for 215 gold pieces
 40172 | Orc:2    | Bought a +2 buckler of cold resistance for 215 gold pieces
 40172 | Orc:2    | Bought a +2 helmet for 165 gold pieces
 40497 | Orc:1    | Killed Rupert
 40891 | Snake:1  | Killed Jorgrun
 41312 | Snake:1  | Found a corrupted altar of Lugonu.
 41483 | Snake:1  | Noticed Asterion
 41493 | Snake:1  | Killed Asterion
 42510 | Snake:2  | Reached skill level 18 in Spellcasting
 42757 | Snake:2  | Found a runed translucent gate.
 42757 | Snake:2  | Found a runed translucent gate.
 42757 | Snake:2  | Found an opulent altar of Gozag.
 42757 | Snake:2  | Found a runed translucent gate.
 42759 | Snake:2  | Noticed Kakkoll's ghost (adept DsSu)
 42789 | Snake:2  | Killed from afar by a shock serpent

Illustrated notes

Levels and vault maps discovered:
D:1:      dpeg_arrival_caged_fury, layout_basic,
          hellmonk_ecumenical_altar_pennies_from_heaven, minmay_tetromino_s4
D:2:      layout_basic, serial_bayou_lake_a
D:3:      layout_rooms
D:4:      layout_basic, gup_sewer_entry_bowl, grunt_decor_fettered,
          minmay_misc_feat_tower, uniq_robin, uniq_menkaure, uniq_natasha,
          uniq_sigmund
D:5:      layout_gridville, mainiacjoe_overflow_alcove_4,
          minmay_temple_entry_statues_pillars, minmay_statues_item
D:6:      layout_basic, mainiacjoe_overflow_boulevard, uniq_grinder, uniq_pikel
D:7:      layout_basic, chequers_mini_garden, minmay_puff,
          uniq_crazy_yiuf_cottage
D:8:      layout_basic, due_lair_maze_entry_diamond, serial_shops,
          nicolae_stop_n_shop_2
D:9:      layout_basic, minmay_orc_entry_guard_dogs
D:10:     layout_basic, gammafunk_temple_overflow_forgotten, chequers_garden,
          nicolae_figureground_sparkle, uniq_snorg, uniq_sonja, uniq_psyche
D:11:     minmay_evil_eye, layout_basic, gammafunk_ghost_abyssal_escape
D:12:     layout_loops_cross, hangedman_corner_corridor
D:13:     layout_loops_ring, david_vaults_3, portal_ice_cave_demonic_guard,
          minmay_misc_feat_five
D:14:     layout_rooms, hangedman_abyss_or_decor_stagger, gauntlet_entry_generic
D:15:     gammafunk_enter_depths_forms, layout_basic, dk_noncrumbling_3
Temple:   nicolae_temple_bog_church
Lair:1:   layout_roguey [special_room_bee], gammafunk_ghost_arena, uniq_nergalle
Lair:2:   gammafunk_boulding_lane, layout_layer_cave,
          nicolae_swamp_entry_splash_gauntlet, hangedman_lair_unloving_vines,
          kennysheep_abandoned_house, grunt_megastairs_4,
          infiniplex_staircase_pool
Lair:3:   layout_cave_pods, minmay_snake_entry_six_corridors, uniq_urug,
          uniq_fannar
Lair:4:   statuecave_lemuel, layout_regular_city, minmay_slime_entry_pillars,
          serial_forest, infiniplex_forest_clump_medium,
          infiniplex_forest_lined_2, infiniplex_forest_clump_medium,
          infiniplex_forest_pool, infiniplex_forest_3_way,
          infiniplex_forest_clump_double, infiniplex_forest_clump_tiny,
          infiniplex_forest_clump_cross, infiniplex_forest_clump_C
Lair:5:   minmay_lair_end_frog_pond, layout_loops_ring,
          ebering_ghost_funeral_grove
Swamp:1:  layout_basic_swamp, nicolae_swamp_trees_clearing
Snake:1:  layout_basic, amcnicky_altar_lugonu_corruption, uniq_asterion,
          uniq_jorgrun
Snake:2:  layout_cave_shapes, basic_altar, ebering_ghost_gozag,
          nrook_guardian_serpent_ordinary, minmay_shoptagon
Orc:1:    layout_diamond_mine
Orc:2:    st_orc_rangers, layout_diamond_mine, basic_altar, uniq_donald,
          uniq_rupert

Skill      XL: |  1  2  3  4  5  6  7  8  9 10 11 12 13 14 15 16 |
---------------+-------------------------------------------------+-----
Fire Magic     | 4 5 6 8 10 11 12 14 16 17 | 17.9
Conjurations   | 2 3 4 5 6 8 9 11 12 13 14 15 16 | 16.3
Spellcasting   | 4 5 6 8 10 11 13 14 16 17 18 | 18.0
Translocations | 2 3 5 |  5.0
Dodging        | 5 |  5.0
Fighting       | 4 |  4.0
Necromancy     | 4 5 |  5.0
Shields        | 6 12 | 12.2
Earth Magic    | 5 7 |  7.0
Stealth        | |  2.4

Action                     |  1- 3 |  4- 6 |  7- 9 | 10-12 | 13-15 | 16-18 || total
---------------------------+-------+-------+-------+-------+-------+-------++-------
  Melee: Unarmed           |    10 |     1 |       |       |       |       ||    11
         Spear             |       |     3 |    10 |     2 |    19 |       ||    34
         Short sword       |       |       |     4 |       |       |       ||     4
   Cast: Foxfire           |    89 |   122 |   197 |   227 |   116 |    10 ||   761
         Scorch            |    10 |    25 |    51 |   121 |    69 |     9 ||   285
         Flame Wave        |       |       |       |    21 |    16 |       ||    37
         Blink             |       |       |       |    13 |    24 |     3 ||    40
         Kindle Blastspark |       |       |       |     4 |       |       ||     4
         Fireball          |       |       |       |    79 |   467 |    86 ||   632
         Sticky Flame      |       |       |       |       |    15 |     5 ||    20
         Sublimation of Bl |       |       |       |       |     5 |       ||     5
         Orb of Destructio |       |       |       |       |    15 |     2 ||    17
         Iron Shot         |       |       |       |       |     5 |     3 ||     8
         Starburst         |       |       |       |       |     4 |     3 ||     7
  Evoke: Wand              |       |       |       |       |     1 |       ||     1
         Phantom mirror    |       |       |       |       |       |     1 ||     1
    Use: Scroll            |       |     6 |     6 |     2 |    19 |     1 ||    34
         Potion            |       |     1 |       |       |     6 |       ||     7
 Armour: Robe              |     4 |     3 |     8 |    22 |     4 |       ||    41
         Acid dragon scale |       |       |       |       |    72 |    11 ||    83
  Dodge: Dodged            |    45 |    36 |    42 |    94 |   143 |    15 ||   375
  Block: Buckler           |       |       |       |       |    33 |     8 ||    41

Table legend: (Time is in decaauts)
 A = Elapsed time spent in this place.
 B = Non-inter-level travel time spent in this place.
 C = Inter-level travel time spent in this place.
 D = Time resting spent in this place.
 E = Time spent auto-exploring this place.
 F = Levels seen in this place.
 G = Mean time per level.
                   A        B        C        D        E       F      G
               +--------+--------+--------+--------+--------+-----+--------+
         Total |  42941 |  36330 |   6611 |  10012 |  20736 |  27 | 1590.4 |
       Dungeon |  23558 |  19535 |   4023 |   3456 |  12745 |  15 | 1570.5 |
        Temple |    195 |    166 |     29 |      0 |    149 |   1 |  195.0 |
          Lair |  11859 |  10134 |   1725 |   3673 |   5191 |   5 | 2371.8 |
         Swamp |     21 |     21 |      0 |      0 |      0 |   1 |   21.0 |
     Snake Pit |   2858 |   2403 |    455 |    844 |   1308 |   2 | 1429.0 |
  Orcish Mines |   3618 |   3241 |    377 |   1727 |   1100 |   2 | 1809.0 |
      Gauntlet |    829 |    829 |      0 |    312 |    242 |   1 |  829.0 |
               +--------+--------+--------+--------+--------+-----+--------+

Top non-repeatable levels by time:
  Lair:2: 3246 daAuts
  Lair:4: 2844 daAuts
 Snake:1: 2809 daAuts
   Orc:1: 2503 daAuts
  Lair:3: 2214 daAuts
     D:9: 2150 daAuts
     D:1: 2050 daAuts
  Lair:5: 1997 daAuts
     D:4: 1863 daAuts
    D:13: 1714 daAuts
    D:10: 1705 daAuts
    D:15: 1682 daAuts
    D:11: 1675 daAuts
     D:7: 1615 daAuts
    D:14: 1603 daAuts
